 Dungeon Crawl Stone Soup version 0.21.1-35-gfefc1aa2bb (webtiles) character file.

424 Osmon the Archer (level 6, -1/50 HPs)
             Began as a Centaur Hunter on Aug 1, 2018.
             Was a Follower of Okawaru.
             Slain by a sky beast (3 damage)
             ... on level 5 of the Dungeon.
             The game lasted 00:42:05 (3238 turns).

Osmon the Archer (Centaur Hunter)                   Turns: 3238, Time: 00:42:06

Health: -1/50      AC:  8    Str: 16    XL:     6   Next: 64%
Magic:  6/6        EV:  8    Int: 10    God:    Okawaru [*.....]
Gold:   98         SH:  0    Dex: 12    Spells: 5/5 levels left

rFire    . . .     SeeInvis .   u - +0 spear of Checks and Balances {elec, Str+2} (curse)
rCold    . . .     Gourm    .   (no shield)
rNeg     . . .     Faith    .   j - +1 scale mail
rPois    .         Spirit   .   (no helmet)
rElec    .         Reflect  .   (no cloak)
rCorr    .         Harm     .   m - +0 pair of gloves
MR       .....                  (no barding)
Stlth    ..........             (no amulet)
HPRegen  0.16/turn              (no ring)
MPRegen  0.10/turn              (no ring)

@: very quick
A: large, hooves 3, deformed body, speed 2, tough skin 3
a: Heroism, Renounce Religion


You were on level 5 of the Dungeon.
You worshipped Okawaru.
Okawaru was aware of your devotion.
You were not hungry.

You visited 2 branches of the dungeon, and saw 6 of its levels.

You collected 98 gold pieces.

Inventory:

Hand Weapons
 a - a +2 shortbow
 b - a +0 short sword
 g - a +0 dagger
 q - a +0 dagger
 u - the cursed +0 spear of Checks and Balances (weapon) {elec, Str+2}
   (You found it on level 4 of the Dungeon)

   Occasionally, upon striking a foe, it will discharge some electrical energy
   and cause terrible harm.
   It affects your strength (+2).
   It has a curse placed upon it.
 y - a +2 dagger of draining
Missiles
 d - 28 arrows
 h - 13 bolts
Armour
 c - a +0 leather armour
 j - a +1 scale mail (worn)
 m - a +0 pair of gloves (worn)
Scrolls
 k - a scroll of fog
 l - 2 scrolls of teleportation
 t - 2 scrolls of enchant weapon
Potions
 n - 2 potions of haste
 o - a potion of curing
Comestibles
 f - 8 rations
 v - 2 chunks of flesh


   Skills:
 + Level 2.7 Fighting
 - Level 1.4 Short Blades
 * Level 1.7 Polearms
 * Level 8.1 Bows
 * Level 1.2 Throwing
 + Level 1.3 Armour
 + Level 2.1 Dodging
 + Level 0.5 Stealth


You had 5 spell levels left.
You didn't know any spells.

Dungeon Overview and Level Annotations

Branches:
Dungeon (5/15)             Temple (1/1) D:4

Altars:
Ashenzari
Cheibriados
Dithmenos
Elyvilon
Gozag
Hepliaklqana
Kikubaaqudgha
Makhleb
Nemelex Xobeh
Okawaru
Qazlal
Ru
Sif Muna
Trog
Uskayaw
Vehumet
Wu Jian
Xom
Yredelemnul
Zin
The Shining One

Annotations:
D:4 Pikel


Innate Abilities, Weirdness & Mutations

You have hooves in place of feet.
Armour fits poorly on your strangely shaped body.
You cover ground very quickly.
You have extremely tough skin. (AC +3)


Message History

There is an escape hatch in the ceiling here.
Tossing away (i - inventory):
e - a spear
Press: ? - help, Shift-Dir - straight line, f - sky beast
Aim: a sky beast (moderately wounded)
You toss away a spear.
The spear barely misses the sky beast.
The spear hits the slave but does no damage.
The sky beast flickers out of sight!
Deactivating autopickup; reactivate with Ctrl-A.
Tossing away (i - inventory):
r - a +0 trident
Press: ? - help, Shift-Dir - straight line, f - slave
Aim: a slave, wearing an animal skin You toss away a +0 trident.
The +0 trident hits the slave but does no damage.
Something hits you.
* * * LOW HITPOINT WARNING * * *
Something shocks you.
* * * LOW HITPOINT WARNING * * *
Something hits you but does no damage. Something hits you.
You die...

# ####.##...
#.@.......
#.##.#...#
###p##.....##
#...##.(.#...
#..)##.....#
#...#......#
...##..<...# ####.
.......)...###.....[
...........$...(#


You could see a slave.

Vanquished Creatures
  A slave (D:4)
  A jelly (D:4)
  An orc priest (D:2)
  An iguana (D:5)
  6 orc wizards
  A worker ant (D:4)
  5 adders
  An ooze (D:1)
  2 adder skeletons (D:4)
  A worm (D:2)
  A dart slug (D:3)
  3 leopard geckos
  16 orcs
  2 ball pythons (D:1)
  4 bats
  2 giant cockroaches
  6 goblins
  7 hobgoblins
  5 kobolds
  2 quokkas
  3 frilled lizards
  A jackal skeleton (D:4)
  14 rats
86 creatures vanquished.

Vanquished Creatures (others)
  An orc (D:4)
1 creature vanquished.

Grand Total: 87 creatures vanquished

Notes
Turn   | Place    | Note
-------+----------+-------------------------------------------
     0 | D:1      | Osmon the Centaur Hunter began the quest for the Orb.
     0 | D:1      | Reached XP level 1. HP: 17/17 MP: 1/1
   213 | D:1      | Reached XP level 2. HP: 14/24 MP: 2/2
   484 | D:1      | Reached skill level 6 in Bows
   862 | D:2      | Reached XP level 3. HP: 23/29 MP: 3/3
  1124 | D:2      | Reached XP level 4. HP: 37/37 MP: 4/4
  1137 | D:2      | Reached skill level 1 in Short Blades
  1137 | D:2      | Reached skill level 7 in Bows
  1151 | D:2      | Reached skill level 1 in Armour
  1355 | D:2      | Reached XP level 5. HP: 42/42 MP: 5/5
  1698 | D:3      | Found an ancient bone altar of Kikubaaqudgha.
  2194 | D:4      | Got a crystal spear
  2195 | D:4      | Identified the cursed +0 spear of Checks and Balances {elec, Str+2} (You found it on level 4 of the Dungeon)
  2309 | D:4      | Found a basalt altar of Yredelemnul.
  2311 | D:4      | Noticed a profane servitor
  2326 | D:4      | Found a glowing golden altar of the Shining One.
  2328 | D:4      | Noticed an angel
  2366 | D:4      | Found an iron altar of Okawaru.
  2368 | D:4      | Found a burning altar of Makhleb.
  2368 | D:4      | Found a shattered altar of Ashenzari.
  2368 | D:4      | Found a shadowy altar of Dithmenos.
  2370 | D:4      | Found a shimmering altar of Xom.
  2371 | D:4      | Found an opulent altar of Gozag.
  2386 | D:4      | Became a worshipper of Warmaster Okawaru
  2443 | D:4      | Reached XP level 6. HP: 32/50 MP: 6/6
  2516 | D:4      | Reached skill level 1 in Polearms
  2516 | D:4      | Reached skill level 1 in Throwing
  2607 | D:4      | Found a staircase to the Ecumenical Temple.
  2616 | Temple   | Entered the Ecumenical Temple
  2871 | D:5      | Entered Level 5 of the Dungeon
  2910 | D:4      | Reached skill level 8 in Bows
  2950 | D:5      | Reached * piety under Okawaru
  2962 | D:5      | Noticed Pikel
  2963 | D:5      | Noticed a slave
  2963 | D:5      | Noticed a slave
  2963 | D:5      | Noticed a sky beast
  2966 | D:5      | Noticed a slave
  3188 | D:4      | Killed a slave
  3237 | D:5      | HP: 2/50 [something (6)]
  3238 | D:5      | Slain by a sky beast

Skill      XL: |  1  2  3  4  5  6 |
---------------+-------------------+-----
Bows           | 6 7 8 |  8.1
Short Blades   | 1 |  1.4
Armour         | 1 |  1.3
Dodging        | 2 |  2.1
Polearms       | 1 |  1.7
Throwing       | 1 |  1.2
Fighting       | |  2.7
Stealth        | |  0.5

Action                   |  1- 3 |  4- 6 || total
-------------------------+-------+-------++-------
Melee: Short sword       |    62 |    69 ||   131
       Kick              |    13 |    36 ||    49
       Spear             |       |    92 ||    92
       Trident           |       |    11 ||    11
 Fire: Shortbow          |    59 |    45 ||   104
Throw: Javelin           |       |    11 ||    11
       Tomahawk          |       |     4 ||     4
  Use: Scroll            |       |     8 ||     8
       Potion            |       |     5 ||     5
  Eat: Chunk             |       |     2 ||     2
       Ration            |       |     1 ||     1
Armor: Leather armour    |     6 |       ||     6
       Scale mail        |    22 |   101 ||   123
Dodge: Dodged            |    26 |    76 ||   102
